 Dungeon Crawl Stone Soup version 0.30-a0-1103-g25895a7845 (webtiles) character file.

Game seed: 4760542794159242351

161 tilp the Digger (level 6, -2/48 HPs)
             Began as a Meteoran Earth Elementalist on Apr 18, 2023.
             Slain by an iguana (12 damage)
             ... on level 4 of the Dungeon.
             The game lasted 00:04:08 (749 turns).

tilp the Digger (Meteoran Earth Elementalist)        Turns: 749, Time: 00:04:09

Health: -2/48      AC:  3    Str: 15    XL:     6   Next: 2%
Magic:  1/12       EV: 14    Int: 18    God:
Gold:   46         SH:  0    Dex: 16    Spells: 8/12 levels left

rFire   . . .      SeeInvis .    a - +0 club
rCold   . . .      Faith    .    (no shield)
rNeg    . . .      Spirit   .    i - +0 robe
rPois   .          Reflect  .    (no helmet)
rElec   .          Rampage  .    g - +0 cloak
rCorr   .                        (no gloves)
Will    .....                    (no boots)
Stlth   +                        (no amulet)
HPRegen 0.28/turn                c - +6 ring of strength
MPRegen 0.13/turn                (no ring)

@: glowing
A: sense surroundings 1, otherworldly, glowing, explore regen
a: no special abilities


You were on level 4 of the Dungeon.
You visited 1 branch of the dungeon, and saw 5 of its levels.

You collected 140 gold pieces.
You spent 94 gold pieces at shops.

Inventory:

Hand Weapons
 a - a +0 club (weapon)
Missiles
 e - 13 stones
 k - 5 poisoned darts
Armour
 d - a +0 buckler
 g - a +0 cloak (worn)
 i - a +0 robe (worn)
Jewellery
 c - a +6 ring of strength (left hand)
Scrolls
 f - a scroll of identify
 h - a scroll of brand weapon {unknown}
 j - a scroll of amnesia {unknown}
Potions
 b - a potion of magic
 l - a potion of curing
 n - a potion of flight {unknown}
 o - a potion of might {unknown}


   Skills:
 + Level 1.8 Fighting
 * Level 4.2 Dodging
 - Level 1.4 Stealth
 + Level 3.6 Spellcasting
 + Level 1.1 Conjurations
 - Level 1.2 Transmutations
 * Level 4.9 Earth Magic


You had 8 spell levels left.
You knew the following spells:

 Your Spells              Type           Power      Damage    Failure   Level
a - Sandblast             Erth           42%        2d11      1%          1
b - Stone Arrow           Conj/Erth      28%        3d8       13%         3

Your spell library contained the following spells:

 Spells                   Type           Power      Damage    Failure   Level
 Passwall                 Tmut/Erth      11%        N/A       7%          2
 Petrify                  Tmut/Erth      14%        N/A       41%         4
 Animate Armour           Summ/Erth      24%        N/A       50%         4
 Lehudib's Crystal Spear  Conj/Erth      7%         10d3      100%        8


Dungeon Overview and Level Annotations

Branches:
Dungeon (5/15) Zot: 2201   Temple (0/1) D:5

Altars:
Cheibriados
Xom

Shops:
D:1 *


Innate Abilities, Weirdness & Mutations

You passively map a small area around you.
You are easily found by Zot.
You glow in the dark.
You regain HP and MP as you explore.


Message History

The orc is heavily wounded.
The orc hits you with a +0 short sword. The orc completely misses you.
You hit the orc but do no damage.
The orc is heavily wounded.
The orc hits you with a +0 short sword.
You barely miss the orc.
The orc is heavily wounded.
The orc barely misses you.
You barely miss the orc.
The orc is heavily wounded.
The orc barely misses you.
Casting: Sandblast (safe; 1% risk of failure)
Confirm with . or Enter, or press ? or * to list all spells.
Aiming: Sandblast (safe; 1% risk of failure)
Press: ? - help, Shift-Dir - straight line, f/p - iguana
Aim: an iguana (moderately wounded, 85% to hit)
The blast of sand hits the orc!
You kill the orc!
The iguana bites you!
* * * LOW HITPOINT WARNING * * *
Casting: Sandblast (safe; 1% risk of failure)
Confirm with . or Enter, or press ? or * to list all spells.
Aiming: Sandblast (safe; 1% risk of failure)
Press: ? - help, Shift-Dir - straight line, f/p - iguana
Aim: an iguana (moderately wounded, 85% to hit)
The blast of sand hits the iguana but does no damage.
The iguana is moderately wounded.
The iguana bites you.
* * * LOW HITPOINT WARNING * * *
Casting: Sandblast (safe; 1% risk of failure)
Confirm with . or Enter, or press ? or * to list all spells.
Aiming: Sandblast (safe; 1% risk of failure)
Press: ? - help, Shift-Dir - straight line, f/p - iguana
Aim: an iguana (moderately wounded, 85% to hit)
The blast of sand hits the iguana!
The iguana is almost dead.
The iguana bites you.
* * * LOW HITPOINT WARNING * * *
The iguana bites you!
You die...

###### #.# #....#
#.#####.#### *
#....#####.##........
#........#.##........
####........#.##........,
#>..........#)##........
#.##........#)##........
,
#.##........#)##........
#.######......@l........
, #.# *#....#.##........
* #.. , #....#.##........
#...........#.##........
,
#.....#.#####.#####.#.##
###.., , ..# *.# #* * ,
#.. , ..# # #.. ,.## * ,
* ## , , * ,


You could see an iguana.

Vanquished Creatures
  An orc priest (D:4)
  A hound (D:5)
  An orc wizard (D:4)
  An adder (D:5)
  An ufetubus (D:2)
  3 orcs (D:4)
  7 endoplasms
  3 giant cockroaches
  8 hobgoblins
  4 jackals (D:1)
  3 kobolds
  2 quokkas (D:1)
  2 ball pythons
  5 bats
  4 frilled lizards
  6 goblins
  5 rats
57 creatures vanquished.

Notes
Turn   | Place    | Note
-------+----------+-------------------------------------------
     0 | D:1      | tilp the Meteoran Earth Elementalist began the quest for
                  | the Orb.
     0 | D:1      | Reached XP level 1. HP: 14/14 MP: 5/5
     1 | D:1      | Noticed a demonspawn zombie
    13 | D:1      | Noticed a merfolk zombie
    18 | D:1      | Noticed a merfolk zombie
    49 | D:1      | Reached XP level 2. HP: 20/20 MP: 1/6
    78 | D:1      | Found Weukk's Assorted Antiques.
   131 | D:1      | Reached XP level 3. HP: 26/27 MP: 0/8
   238 | D:2      | Found a shimmering altar of Xom.
   265 | D:2      | Reached skill level 1 in Fighting
   494 | D:2      | Reached XP level 4. HP: 28/35 MP: 6/9
   592 | D:1      | Bought a coppery potion for 22 gold pieces
   592 | D:1      | Bought a glowing puce potion for 22 gold pieces
   592 | D:1      | Bought a scroll labelled HYUPEFOBET for 25 gold pieces
   592 | D:1      | Bought a scroll labelled HOBOLO LOVOU for 25 gold pieces
   612 | D:2      | Learned a level 3 spell: Stone Arrow
   640 | D:3      | You fall into a shaft and drop 2 floors!
   640 | D:5      | Entered Level 5 of the Dungeon
   682 | D:5      | Reached XP level 5. HP: 38/40 MP: 6/11
   684 | D:5      | Found a snail-covered altar of Cheibriados.
   720 | D:4      | Reached skill level 1 in Conjurations
   728 | D:4      | Reached XP level 6. HP: 41/48 MP: 1/12
   749 | D:4      | Slain by an iguana

Illustrated notes

Levels and vault maps discovered:
D:1:      shiori_arrival_whats_in_store_for_you, layout_basic, serial_shops,
          nicolae_shop_getting_attention
D:2:      cheibrodos_greedy_goblins, layout_rooms, basic_altar
D:3:      layout_basic, nicolae_hepliaklqana_hazy_memory, grunt_decor_clamped,
          st_stairs_10, amcnicky_mini_pool_small, roderic_serpentine_path,
          kennysheep_generic_room_12, uniq_natasha, uniq_pargi
D:4:      layout_basic, minmay_ruptured, uniq_blork_the_orc
D:5:      layout_loops_ring, mainiacjoe_overflow_alcove_4,
          nicolae_ru_path_of_blood, mainiacjoe_overflow_alcove_1,
          minmay_temple_entry_slanted

Skill      XL: |  1  2  3  4  5 |
---------------+----------------+-----
Earth Magic    | 4 |  4.9
Dodging        | 3 4 |  4.2
Spellcasting   | 3 |  3.6
Fighting       | 1 |  1.8
Conjurations   | 1 |  1.1
Stealth        | |  1.4
Transmutations | |  1.2

Action                     |  1- 3 |  4- 6 || total
---------------------------+-------+-------++-------
  Melee: Unarmed           |    20 |       ||    20
         Club              |     8 |    12 ||    20
         Punch             |     1 |       ||     1
   Cast: Sandblast         |    47 |    37 ||    84
    Use: Scroll            |       |     6 ||     6
 Armour: Robe              |    14 |     8 ||    22
  Dodge: Dodged            |    29 |    17 ||    46

Table legend: (Time is in decaauts)
 A = Elapsed time spent in this place.
 B = Non-inter-level travel time spent in this place.
 C = Inter-level travel time spent in this place.
 D = Time resting spent in this place.
 E = Time spent auto-exploring this place.
 F = Levels seen in this place.
 G = Mean time per level.
                   A        B        C        D        E       F      G
               +--------+--------+--------+--------+--------+-----+--------+
         Total |    797 |    717 |     80 |      0 |      0 |   5 |  159.4 |
       Dungeon |    797 |    717 |     80 |      0 |      0 |   5 |  159.4 |
               +--------+--------+--------+--------+--------+-----+--------+

Top non-repeatable levels by time:
     D:1: 352 daAuts
     D:2: 320 daAuts
     D:4: 66 daAuts
     D:5: 55 daAuts
     D:3: 1 daAuts
